 Dungeon Crawl Stone Soup version 0.26.0-11-g8f856b5395 (webtiles) character file.

Game seed: 759264928638165723

184 Destapler the Sneak (level 5, 0/28 HPs)
             Began as a Spriggan Wanderer on Jan 15, 2021.
             Slain by a worm (12 damage)
             ... on level 3 of the Dungeon.
             The game lasted 00:08:34 (4726 turns).

Destapler the Sneak (Spriggan Wanderer)             Turns: 4726, Time: 00:08:35

Health: 0/28       AC:  2    Str:  4    XL:     5   Next: 36%
Magic:  15/15      EV: 18    Int: 17    God:
Gold:   70         SH:  0    Dex: 17    Spells: 4/4 levels left

rFire    + . .     SeeInvis +   r - +1 dagger (vamp)
rCold    . . .     Faith    .   (shield restricted)
rNeg     . . .     Spirit   .   e - +0 robe
rPois    .         Reflect  .   (helmet restricted)
rElec    .         Harm     .   (no cloak)
rCorr    .         Rampage  .   (gloves unavailable)
Will     .....                  (boots unavailable)
Stlth    +++.......             (no amulet)
HPRegen  0.09/turn              b - ring of magical power
MPRegen  0.14/turn              l - ring of protection from fire

@: very quick
A: very small, unfitting armour, see invisible, speed 3
a: no special abilities


You were on level 3 of the Dungeon.
You visited 1 branch of the dungeon, and saw 3 of its levels.

You collected 70 gold pieces.

Inventory:

Hand Weapons
 a - a +2 dagger
 r - a +1 vampiric dagger (weapon)
Missiles
 g - 3 curare-tipped darts
Armour
 e - a +0 robe (worn)
Jewellery
 b - a ring of magical power (left hand)
 l - a ring of protection from fire (right hand)
Wands
 n - a wand of disintegration (1) (quivered)
Scrolls
 d - 7 scrolls of remove curse
 f - a scroll of amnesia {unknown}
 i - 3 scrolls of identify
 j - 2 scrolls of fog {unknown}
 k - 3 scrolls of magic mapping {unknown}
 m - a scroll of enchant weapon {unknown}
 o - a scroll of teleportation {unknown}
Potions
 c - a potion of lignification
 h - a potion of ambrosia
 p - a potion of heal wounds
 q - 2 potions of invisibility
 s - a potion of brilliance {unknown}


   Skills:
 * Level 3.2 Fighting
 + Level 4.1 Short Blades
 - Level 1.0 Staves
 + Level 2.3 Throwing
 * Level 3.1 Dodging
 + Level 4.4 Stealth
 + Level 0.3 Evocations


You had 4 spell levels left.
You didn't know any spells.
Your spell library was empty.

Dungeon Overview and Level Annotations

Branches:
Dungeon (3/15)

Altars:

Annotations:
D:3 1 runed translucent door, Jessica; iamserjio's ghost, weakling GnVM


Innate Abilities, Weirdness & Mutations

You are very small and have problems with some larger weapons.
You are too small for most types of armour.
You have supernaturally acute eyesight. (SInv)
You cover ground extremely quickly.


Message History

The worm misses you.
You barely miss the worm.
The worm is heavily wounded.
You hit the worm.
The worm is heavily wounded.
The worm bites you!
You hit the worm.
The worm is heavily wounded.
You hit the worm.
The worm is heavily wounded.
You hit the worm.
You feel better.
The worm is heavily wounded.
The worm bites you!
* * * LOW HITPOINT WARNING * * *
You barely miss the worm.
The worm is heavily wounded.
You hit the worm.
The worm is severely wounded.
The worm bites you!
You die...

#..........###
##.###......###
..........######
#.###.........#
#.#...........# #
#.#.#.<...)...#
##.#####.#.#.......[.#
#........#....#.######
#....w@.....#.#.#
#........##.#.#.#
##.......##.#.#.#
#.########.#.#.# #
#...#.# ###.# ###


You could see a worm.

Vanquished Creatures
  A centaur skeleton (D:2)
  Natasha (thrice) (D:2)
  A gnoll (D:1)
  2 adders (D:2)
  A worm (D:3)
  A dart slug (D:2)
  A leopard gecko (D:2)
  3 orcs (D:3)
  2 giant cockroaches
  5 goblins
  6 hobgoblins
  2 jackals (D:2)
  11 kobolds
  A ball python (D:2)
  7 bats
  3 frilled lizards
  4 rats
54 creatures vanquished.

Notes
Turn   | Place    | Note
-------+----------+-------------------------------------------
     0 | D:1      | Destapler the Spriggan Wanderer began the quest for the
                  | Orb.
     0 | D:1      | Destapler set off with the following items: a +2 dagger, 3
                  | curare-tipped darts, a potion of lignification, a +0 short
                  | sword, a +0 robe
     0 | D:1      | Reached XP level 1. HP: 11/11 MP: 2/2
   307 | D:1      | Reached XP level 2. HP: 16/16 MP: 3/3
  1120 | D:1      | Reached XP level 3. HP: 14/19 MP: 4/4
  1326 | D:2      | You fall into a shaft and drop 1 floor!
  1452 | D:2      | You fall into a shaft and drop 1 floor!
  1460 | D:3      | Noticed Jessica
  1495 | D:2      | Reached skill level 1 in Dodging
  2754 | D:2      | Reached XP level 4. HP: 17/23 MP: 5/5
  3016 | D:2      | Noticed Natasha
  3034 | D:2      | Killed Natasha
  3651 | D:3      | Found a runed translucent door.
  3651 | D:3      | Noticed iamserjio's ghost (weakling GnVM)
  3654 | D:3      | Noticed an orc warrior
  4083 | D:2      | Noticed Natasha
  4094 | D:2      | Killed Natasha
  4095 | D:2      | Reached XP level 5. HP: 11/28 MP: 6/6
  4321 | D:2      | Noticed Natasha
  4331 | D:2      | Killed Natasha
  4726 | D:3      | Slain by a worm

Illustrated notes

Levels and vault maps discovered:
D:1:      roderic_dead_forest, layout_loops_corners
D:2:      layout_loops_ring, uniq_natasha
D:3:      layout_basic, ebering_ghost_inner_flame, uniq_jessica

Skill      XL: |  1  2  3  4  5 |
---------------+----------------+-----
Dodging        | 1 2 3 |  3.1
Fighting       | 3 |  3.2
Throwing       | 2 |  2.3
Stealth        | 4 |  4.4
Short Blades   | 4 |  4.1
Staves         | |  1.0
Evocations     | |  0.3

Action                   |  1- 3 |  4- 6 || total
-------------------------+-------+-------++-------
Melee: Dagger            |   152 |   105 ||   257
Throw: Dart              |     3 |       ||     3
Evoke: Wand              |     2 |     6 ||     8
  Use: Potion            |     1 |       ||     1
       Scroll            |       |     4 ||     4
 Stab: Sleeping          |     9 |     5 ||    14
Armor: Robe              |    24 |     4 ||    28
Dodge: Dodged            |    90 |    43 ||   133
